 Dungeon Crawl Stone Soup version 0.22-a0-558-gc224181 (webtiles) character file.

114 Hebeh the Shield-Bearer (level 4, -1/41 HPs)
             Began as a Minotaur Fighter on June 27, 2018.
             Killed from afar by Natasha (4 damage)
             ... with a magic dart
             ... on level 2 of the Dungeon.
             The game lasted 00:08:58 (1791 turns).

Hebeh the Shield-Bearer (Minotaur Fighter)          Turns: 1791, Time: 00:08:59

Health: -1/41      AC:  9    Str: 21    XL:     4   Next: 66%
Magic:  3/3        EV:  7    Int:  5    God:
Gold:   63         SH:  9    Dex: 10    Spells: 3/3 levels left

rFire    . . .     SeeInvis .   a - +0 war axe
rCold    . . .     Gourm    .   c - +0 shield
rNeg     . . .     Faith    .   b - +0 scale mail
rPois    .         Spirit   .   r - +2 hat
rElec    .         Reflect  .   (no cloak)
rCorr    .         Harm     .   (no gloves)
MR       .....                  (no boots)
Stlth    ..........             (no amulet)
HPRegen  0.13/turn              (no ring)
MPRegen  0.08/turn              (no ring)

@: slowed, very slow
A: retaliatory headbutt, horns 2
a: no special abilities


You were on level 2 of the Dungeon.
You were not hungry.

You visited 1 branch of the dungeon, and saw 3 of its levels.

You collected 63 gold pieces.

Inventory:

Hand Weapons
 a - a +0 war axe (weapon)
Armour
 b - a +0 scale mail (worn)
 c - a +0 shield (worn)
 r - a +2 hat (worn)
Scrolls
 e - a scroll of enchant armour {unknown}
 k - 2 scrolls of identify {unknown}
 l - 2 scrolls of immolation {unknown}
 n - a scroll of remove curse {unknown}
 o - 2 scrolls of magic mapping {unknown}
 p - a scroll of teleportation {unknown}
Potions
 d - a potion of might
 g - 2 potions of haste {unknown}
 h - a potion of curing {unknown}
 i - a potion of agility {unknown}
 j - a potion of cancellation {unknown}
 m - 2 potions of degeneration {unknown}
Comestibles
 f - 2 chunks of flesh
 q - a ration


   Skills:
 + Level 4.3 Fighting
 * Level 4.2 Axes
 + Level 4.3 Armour
 + Level 4.4 Shields


You had 3 spell levels left.
You didn't know any spells.
Your spell library was empty.

Dungeon Overview and Level Annotations

Branches:
Dungeon (3/15)

Altars:

Annotations:
D:2 Natasha


Innate Abilities, Weirdness & Mutations

You reflexively headbutt those who attack you in melee.
You have a pair of horns on your head.


Message History

* * * LOW HITPOINT WARNING * * *
Natasha claws you.
* * * LOW HITPOINT WARNING * * *
The white imp grins evilly.
The white imp hits you but does no damage.
The white imp gestures at you. The puff of frost hits you!
* * * LOW HITPOINT WARNING * * *
Natasha claws you but does no damage.
The white imp hits you but does no damage.
You are too injured to fight recklessly!
You hit Natasha. Your headbutt misses Natasha.
Natasha is moderately wounded.
You closely miss the white imp. You slash the white imp!
You kill the white imp!
Natasha wildly gestures.
Natasha glows brightly for a moment.
Natasha stares at you and mumbles some strange words.
The magic dart hits you!
You die...

#........#.# #.#.##
#... ########.#.#
#...## #... #.#.#
##..## #.... ###.#.#
#..# #....######...#.#
#..## #.........#.....#
#..## ##........#...###
##.## .'........#...#
#.##
#....h@5.#...#######..#
#######.####...........
#.# #.#######... #.#
#.# #.#. #.# #.# #.#[
#.# #.# #.## #.####.##
#.## #.......# #.##
######### #.##


You could see Natasha and a white imp.

Vanquished Creatures
  Natasha (D:2)
  3 adders (D:2)
  An ooze (D:1)
  2 dart slugs (D:2)
  3 leopard geckos (D:1)
  2 giant cockroaches (D:2)
  4 goblins
  6 hobgoblins (D:1)
  9 jackals
  5 bats
  A frilled lizard (D:1)
  8 kobolds
  2 rats
47 creatures vanquished.

Notes
Turn   | Place    | Note
-------+----------+-------------------------------------------
     0 | D:1      | Hebeh the Minotaur Fighter began the quest for the Orb.
     0 | D:1      | Reached XP level 1. HP: 19/19 MP: 0/0
    83 | D:1      | Reached XP level 2. HP: 19/27 MP: 1/1
   624 | D:1      | Reached XP level 3. HP: 33/33 MP: 2/2
  1640 | D:2      | Reached XP level 4. HP: 39/40 MP: 3/3
  1645 | D:2      | Noticed Natasha
  1653 | D:2      | Killed Natasha
  1781 | D:2      | Noticed Natasha
  1791 | D:2      | Killed from afar by Natasha

Vault maps used:
D:1:      minmay_arrival_checkered_box
D:2:      bh_walls_and_bars, uniq_natasha

Skill      XL: |  1  2  3  4 |
---------------+-------------+-----
Axes           | 3 4 |  4.2
Fighting       | 4 |  4.3
Armour         | 4 |  4.3
Shields        | 4 |  4.4

Action                   |  1- 3 |  4- 6 || total
-------------------------+-------+-------++-------
Melee: War axe           |    88 |    18 ||   106
       Headbutt          |     9 |     2 ||    11
  Eat: Ration            |     1 |       ||     1
Armor: Scale mail        |    41 |     9 ||    50
Dodge: Dodged            |    33 |     6 ||    39
Block: Shield            |    62 |    14 ||    76

Table legend:
 A = Spawn XP
 B = Non-spawn XP
 C = Spawn XP percentage of total XP
 D = Spawn monster count
 E = Non-spawn monster count
 F = Spawn count percentage of total count
 G = Total turns spent on level
                    A         B        C        D         E        F      G
               +---------+---------+-------+---------+---------+-------+---------
         Total |       0 |     163 |   0.0 |       0 |      47 |   0.0 |  1791
               +---------+---------+-------+---------+---------+-------+---------
           D:1 |       0 |      48 |   0.0 |       0 |      24 |   0.0 |  1054
           D:2 |       0 |     115 |   0.0 |       0 |      23 |   0.0 |   543
               +---------+---------+-------+---------+---------+-------+---------
